 Dungeon Crawl Stone Soup version 0.30.0-29-ga12c61a403 (webtiles) character file.

Game seed: 2861726200081888837

2486 Peloso the Protected (level 9, -11/78 HPs)
             Began as a Minotaur Fighter on June 6, 2023.
             Mangled by a two-headed ogre
             ... wielding a +0 giant club
              (15 damage)
             ... on level 8 of the Dungeon.
             The game lasted 00:11:31 (7532 turns).

Peloso the Protected (Minotaur Fighter)             Turns: 7532, Time: 00:11:31

Health: -11/78     AC: 15    Str: 22    XL:     9   Next: 27%
Magic:  8/8        EV:  6    Int:  5    God:
Gold:   492        SH: 10    Dex: 13    Spells: 8/8 levels left

rFire   . . .        a - +3 long sword (freeze)
rCold   . . .        d - +0 kite shield
rNeg    . . .        c - +1 plate armour
rPois   .            (helmet restricted)
rElec   .            (no cloak)
rCorr   .            (no gloves)
SInv    .            (no boots)
Will    .....        (no amulet) Stlth
                     (no ring)
HPRegen 0.33/turn    (no ring)
MPRegen 0.11/turn

%: no passive effects
@: no status effects
A: horns 2, retaliatory headbutt
a: no special abilities


You were on level 8 of the Dungeon.
You visited 2 branches of the dungeon, and saw 9 of its levels.

You collected 492 gold pieces.

Inventory:

Hand Weapons
 a - a +3 long sword of freezing (weapon)
 b - the +6 dagger "Gesm" {vamp, Dex+3}
   (You found it on level 4 of the Dungeon)

   Dex:       It affects your dexterity (+3).
Missiles
 t - a throwing net (quivered)
Armour
 c - a +1 plate armour (worn)
 d - a +0 kite shield (worn)
Jewellery
 y - an amulet of the acrobat
 B - an amulet of guardian spirit
Wands
 p - a wand of roots (2)
 u - a wand of polymorph (12)
 C - a wand of light (4)
Scrolls
 g - a scroll of blinking
 h - a scroll of immolation {unknown}
 i - a scroll of fog
 j - 4 scrolls of teleportation
 l - a scroll of torment
 m - a scroll of magic mapping {unknown}
 o - a scroll of enchant armour
 r - 2 scrolls of amnesia {unknown}
 x - 2 scrolls of fear
 z - a scroll of noise {unknown}
Potions
 e - 4 potions of curing
 f - 2 potions of might
 k - a potion of haste
 n - 3 potions of flight
 q - 2 potions of magic
 s - a potion of lignification {unknown}
 v - 3 potions of ambrosia
 w - a potion of brilliance


   Skills:
 + Level 6.8 Fighting
 + Level 5.1(6.6) Short Blades
 + Level 7.2(8.1) Long Blades
 + Level 9.3 Armour
 + Level 0.7 Dodging
 + Level 0.1 Stealth
 + Level 7.0 Shields


You had 8 spell levels left.
You didn't know any spells.
Your spell library contained the following spells:

 Spells                   Type           Power      Damage    Failure   Level
 Magic Dart               Conj           0%         1d3       100%        1
 Call Imp                 Summ           0%         N/A       100%        2
 Poisonous Vapours        Pois/Air       0%         N/A       100%        2
 Sublimation of Blood     Necr           0%         N/A       100%        2
 Wereblood                Tmut           0%         N/A       100%        2
 Mephitic Cloud           Conj/Pois/Air  0%         N/A       100%        3
 Freezing Cloud           Conj/Ice/Air   0%         6-21      100%        5
 Summon Hydra             Summ           0%         N/A       100%        7


Dungeon Overview and Level Annotations

Branches:
Dungeon (8/15)             Temple (1/1) D:6
   Lair: D:8-11

Altars:
Dithmenos
Gozag
Hepliaklqana
Kikubaaqudgha
Qazlal
Trog
Uskayaw
Vehumet
Xom
Yredelemnul
The Shining One

Annotations:
D:3 2 runed translucent doors, kthxbai's ghost, weakling VSFi


Innate Abilities, Weirdness & Mutations

You have a pair of horns on your head.
You reflexively headbutt those who attack you in melee.


Message History

HP restored.
Items here: ))) [ †.
There is a stone staircase leading down, spattered with blood here.
Okay, then.
You climb downwards.
The two-headed ogre hits you with a +0 giant club.
The two-headed ogre hits you with a +0 dire flail!
There is a stone staircase leading up, spattered with blood here.
You barely miss the two-headed ogre. You headbutt the two-headed ogre!
The two-headed ogre is lightly wounded.
The two-headed ogre hits you with a +0 giant club!
You block the two-headed ogre's attack.
You hit the two-headed ogre. You freeze the two-headed ogre.
The two-headed ogre is moderately wounded.
You block the two-headed ogre's attack. x2
You hit the two-headed ogre but do no damage.
The two-headed ogre is moderately wounded.
You hit the two-headed ogre. You freeze the two-headed ogre.
The two-headed ogre is moderately wounded.
The two-headed ogre hits you with a +0 giant club!
The two-headed ogre hits you with a +0 dire flail!
You hit the two-headed ogre. You freeze the two-headed ogre.
You headbutt the two-headed ogre, but do no damage.
The two-headed ogre is heavily wounded.
The two-headed ogre hits you with a +0 giant club.
The two-headed ogre hits you with a +0 dire flail!
* * * LOW HITPOINT WARNING * * *
You feel much better.
You slash the two-headed ogre! You freeze the two-headed ogre.
You headbutt the two-headed ogre.
The two-headed ogre is severely wounded.
The two-headed ogre hits you with a +0 giant club!
* * * LOW HITPOINT WARNING * * *
The two-headed ogre hits you but does no damage.
You hit the two-headed ogre. You freeze the two-headed ogre.
The two-headed ogre is almost dead.
The two-headed ogre hits you with a +0 giant club!
* * * LOW HITPOINT WARNING * * *
The two-headed ogre hits you with a +0 dire flail!
You die...

#.....>......####......#
#........#............#####
#..........#.####.#.O......
#............# #.#..######
#......).....# #.#..#
#......).....####.#..#####
...............O...........
####......O.#######.#######
.........@## #.#
###.....### #.# #.....# #.#
###.#.# #.# #.#.. #.# #.###
.#


You could see a two-headed ogre.

Vanquished Creatures
  Prince Ribbit (D:8)
  An orc warrior (D:7)
  A black bear (D:7)
  An ice beast (D:5)
  2 sky beasts
  An ogre (D:4)
  3 centaurs
  2 bullfrogs
  A gnoll sergeant (D:5)
  A scorpion (D:5)
  8 wights (D:7)
  4 hounds
  2 orc priests (D:7)
  3 gnoll boudas
  5 iguanas
  4 orc wizards
  11 gnolls
  8 adders
  3 shadow imps
  A white imp (D:5)
  An ufetubus (D:7)
  5 worms
  3 dart slugs
  11 orcs
  6 bats
  5 endoplasms
  3 giant cockroaches
  13 goblins
  14 hobgoblins
  8 jackals
  2 kobolds
  2 quokkas
  7 ball pythons
  A frilled lizard (D:2)
  2 rats
146 creatures vanquished.

Vanquished Creatures (others)
  An orc wizard (D:7)
1 creature vanquished.

Grand Total: 147 creatures vanquished

Notes
Turn   | Place    | Note
-------+----------+-------------------------------------------
     0 | D:1      | Peloso the Minotaur Fighter began the quest for the Orb.
     0 | D:1      | Reached XP level 1. HP: 19/19 MP: 0/0
    56 | D:1      | Reached XP level 2. HP: 16/27 MP: 1/1
   499 | D:1      | Reached XP level 3. HP: 32/33 MP: 2/2
  1140 | D:2      | Reached skill level 4 in Armour
  1988 | D:2      | Reached XP level 4. HP: 40/40 MP: 3/3
  2259 | D:3      | Identified the +1 leather armour of Poor Excuses {Harm
                  | rPois Slay-5 Stlth-}
  2399 | D:3      | Found a large runed translucent door.
  2403 | D:3      | Found a large runed translucent door.
  2403 | D:3      | Noticed kthxbai's ghost (weakling VSFi)
  2573 | D:3      | Reached skill level 5 in Armour
  3004 | D:4      | Found a hazy altar of Hepliaklqana.
  3062 | D:4      | Reached XP level 5. HP: 46/46 MP: 4/4
  3074 | D:4      | Identified the +6 dagger "Gesm" {vamp, Dex+3}
  3101 | D:4      | Noticed an ogre
  3110 | D:4      | Killed an ogre
  3111 | D:4      | Reached skill level 5 in Long Blades
  3111 | D:4      | Reached XP level 6. HP: 53/53 MP: 5/5
  3139 | D:4      | Found an opulent altar of Gozag.
  3461 | D:5      | Entered Level 5 of the Dungeon
  3482 | D:5      | Noticed an ice beast
  3498 | D:5      | Killed an ice beast
  3499 | D:5      | Reached skill level 6 in Armour
  3703 | D:5      | Reached XP level 7. HP: 22/60 MP: 6/6
  3710 | D:5      | Reached skill level 1 in Short Blades
  4389 | D:5      | Reached skill level 5 in Shields
  4718 | D:6      | Reached skill level 5 in Fighting
  4718 | D:6      | Reached skill level 7 in Armour
  4941 | D:6      | Reached XP level 8. HP: 68/68 MP: 7/7
  4957 | D:6      | Noticed an air elemental
  4958 | D:6      | Found a stormy altar of Qazlal.
  4978 | D:6      | Found a staircase to the Ecumenical Temple.
  4988 | Temple   | Entered the Ecumenical Temple
  5795 | D:7      | Reached skill level 8 in Armour
  6332 | D:7      | Reached skill level 5 in Short Blades
  6332 | D:7      | Reached XP level 9. HP: 70/77 MP: 8/8
  7346 | D:8      | Reached skill level 9 in Armour
  7384 | D:8      | Noticed Prince Ribbit
  7407 | D:8      | Killed Prince Ribbit
  7413 | D:8      | Noticed a two-headed ogre
  7532 | D:8      | Mangled by a two-headed ogre

Illustrated notes

Levels and vault maps discovered:
D:1:      matt_arrival_spirals, layout_basic, minmay_liquid_box,
          minmay_heptomino_o4
D:2:      layout_basic, minmay_misc_feat_rows, kennysheep_generic_room_7
D:3:      cheibrodos_greedy_goblins, layout_rooms, ebering_ghost_disaster_area,
          grunt_ministairs_7
D:4:      layout_cave_pools, mainiacjoe_overflow_boulevard,
          mainiacjoe_overflow_24_doors, minmay_quantized
D:5:      minmay_angry_zag, layout_basic
D:6:      layout_loops_cross, nicolae_qazlal_style_of_elements,
          minmay_temple_entry_trees
D:7:      layout_loops_corners
D:8:      layout_loops_ring, bloody_makhleb, amcnicky_mini_corridor_feature,
          uniq_grum, uniq_prince_ribbit1
Temple:   nicolae_temple_godpark

Skill      XL: |  1  2  3  4  5  6  7  8  9 |
---------------+----------------------------+-----
Long Blades    | 3 4 5 6 7 |  7.2
Shields        | 4 5 6 7 |  7.0
Armour         | 4 5 6 7 8 9 |  9.3
Fighting       | 4 5 6 |  6.8
Short Blades   | 3 5 |  5.1
Dodging        | |  0.7
Stealth        | |  0.1

Action                     |  1- 3 |  4- 6 |  7- 9 || total
---------------------------+-------+-------+-------++-------
  Melee: Long sword        |    73 |    91 |    63 ||   227
         Headbutt          |    11 |    19 |    64 ||    94
         Dagger            |       |    66 |   224 ||   290
         Scimitar          |       |       |    14 ||    14
  Evoke: Wand              |       |       |     1 ||     1
    Use: Scroll            |     2 |    10 |     4 ||    16
         Potion            |     2 |     1 |     1 ||     4
 Armour: Scale mail        |    24 |       |       ||    24
         Plate armour      |    14 |   108 |   141 ||   263
  Dodge: Dodged            |    28 |    32 |    52 ||   112
  Block: Buckler           |    16 |    43 |    11 ||    70
         Kite shield       |       |       |   105 ||   105
